 Dungeon Crawl Stone Soup version 0.26-a0-264-g3a471323bd (webtiles) character file.

Game seed: 16266367502956278673

191 BritishOli the Covered (level 5, -13/41 HPs)
             Began as a Demonspawn Fighter on July 11, 2020.
             Killed by divine providence
             ... invoked by an orc priest
              (15 damage)
             ... on level 4 of the Dungeon.
             The game lasted 00:01:39 (3140 turns).

BritishOli the Covered (Demonspawn Fighter)         Turns: 3140, Time: 00:01:40

Health: -13/41     AC: 11    Str: 17    XL:     5   Next: 41%
Magic:  5/5        EV:  7    Int:  9    God:
Gold:   187        SH:  9    Dex: 19    Spells: 4/4 levels left

rFire    + . .     SeeInvis .   a - +0 long sword
rCold    . . .     Faith    .   c - +0 kite shield
rNeg     . . .     Spirit   .   b - +0 scale mail
rPois    .         Reflect  .   (no helmet)
rElec    .         Harm     .   m - +1 cloak
rCorr    .                      (no gloves)
MR       .....                  (no boots)
Stlth    ..........             (no amulet)
HPRegen  0.13/turn              h - +6 ring of dexterity
MPRegen  0.09/turn              o - ring of protection from fire

@: no status effects
A: molten scales 1, rot immunity
a: no special abilities


You were on level 4 of the Dungeon.
You were not hungry.

You visited 1 branch of the dungeon, and saw 4 of its levels.

You collected 187 gold pieces.

Inventory:

Hand Weapons
 a - a +0 long sword (weapon)
Armour
 b - a +0 scale mail (worn)
 c - a +0 kite shield (worn)
 m - a +1 cloak (worn)
Jewellery
 h - a +6 ring of dexterity (left hand)
 o - a ring of protection from fire (right hand)
Wands
 t - a wand of flame (16)
Scrolls
 g - 2 scrolls of amnesia {unknown}
 i - 2 scrolls of teleportation {unknown}
 k - 2 scrolls of blinking {unknown}
 q - a scroll of immolation {unknown}
 r - 3 scrolls of identify {unknown}
 u - 2 scrolls of noise {unknown}
Potions
 d - 2 potions of might
 e - a potion of ambrosia {unknown}
 j - 2 potions of lignification {unknown}
 l - a potion of degeneration {unknown}
 n - a potion of curing {unknown}
 p - a potion of brilliance {unknown}
 s - a potion of invisibility {unknown}
 v - a potion of heal wounds {unknown}
 w - a potion of haste {unknown}
Comestibles
 f - 12 rations


   Skills:
 + Level 3.6 Fighting
 * Level 3.2 Long Blades
 * Level 3.9 Armour
 + Level 3.3 Shields


You had 4 spell levels left.
You didn't know any spells.
Your spell library was empty.

Dungeon Overview and Level Annotations

Branches:
Dungeon (4/15)
 Temple: D:4-7

Altars:
Okawaru
Qazlal
Ru
Zin


Innate Abilities, Weirdness & Mutations

You are partially covered in molten scales. (AC +2)
You are immune to rotting.


Message History

There are monsters nearby!
Your shield and scale mail prevent you from hitting the orc priest.
The orc priest hits you but does no damage.
You block the orc priest's attack.
There are monsters nearby!
You closely miss the orc priest.
The orc priest invokes the aid of Beogh against you.
Beogh smites you!
The orc priest hits you but does no damage.
There are monsters nearby!
There are monsters nearby!
You are too injured to fight recklessly!
You closely miss the orc priest.
The orc priest mumbles some strange prayers to Beogh against you.
Beogh smites you!
* * * LOW HITPOINT WARNING * * *
You barely miss the orc priest. You block the orc priest's attack.
The orc priest invokes the aid of Beogh against you.
Beogh smites you!
You die...

...#o############
...Zooo@.........
...#o####.######
.####..######
.............#
#.####..#...##
#.......#
#.......#
######.....#
............#


You could see 3 orc priests, 2 orcs and an adder skeleton.

Vanquished Creatures
  Crazy Yiuf (D:2)
  Jessica (D:2)
  Natasha (twice) (D:3)
  Terence (D:2)
  An adder (D:3)
  2 worms
  A dart slug (D:3)
  An orc (D:3)
  2 ball pythons (D:1)
  4 giant cockroaches
  6 goblins
  2 hobgoblins
  3 jackals (D:3)
  4 kobolds
  4 bats
  4 frilled lizards
  6 rats
45 creatures vanquished.

Notes
Turn   | Place    | Note
-------+----------+-------------------------------------------
     0 | D:1      | BritishOli the Demonspawn Fighter began the quest for the
                  | Orb.
     0 | D:1      | Reached XP level 1. HP: 18/18 MP: 1/1
   216 | D:1      | Gained mutation: You are partially covered in molten
                  | scales. (AC +2) [demonic ancestry]
   216 | D:1      | Reached XP level 2. HP: 24/24 MP: 2/2
  1014 | D:2      | Found a runed translucent door.
  1015 | D:2      | Noticed Crazy Yiuf
  1175 | D:2      | Noticed Jessica
  1190 | D:2      | Killed Jessica
  1190 | D:2      | Reached XP level 3. HP: 29/29 MP: 3/3
  1270 | D:2      | Found a glowing silver altar of Zin.
  1321 | D:2      | Noticed Terence
  1342 | D:2      | Killed Terence
  1342 | D:2      | Gained mutation: You are immune to rotting. [demonic
                  | ancestry]
  1342 | D:2      | Reached XP level 4. HP: 15/35 MP: 4/4
  1694 | D:2      | Killed Crazy Yiuf
  2574 | D:3      | Found an iron altar of Okawaru.
  2724 | D:3      | Noticed Natasha
  2736 | D:3      | Killed Natasha
  2736 | D:3      | Reached XP level 5. HP: 32/41 MP: 5/5
  2740 | D:3      | Noticed Natasha
  2746 | D:3      | Killed Natasha
  2824 | D:3      | Found a sacrificial altar of Ru.
  2854 | D:3      | Found a stormy altar of Qazlal.
  3139 | D:4      | HP: 2/41 [orc priest/divine providence (13)]
  3140 | D:4      | Killed from afar by an orc priest

Illustrated notes

Levels and vault maps discovered:
D:1:      dpeg_arrival_pits, layout_loops_ring
D:2:      layout_loops_corners, nicolae_overflow_crystal_walls, first_ration,
          chequers_serial_rivers_micro_d, corexii_hall_statues_l, uniq_jessica,
          uniq_crazy_yiuf_cottage, uniq_terence
D:3:      layout_loops_cross, old_standard_altar,
          nicolae_overflow_hidden_temple, kennysheep_minor_cross,
          grunt_qazlal_sundering, uniq_natasha
D:4:      layout_basic, lemuel_zombie_altar_yredelemnul, serial_shops,
          nicolae_shop_crystal

Skill      XL: |  1  2  3  4 |
---------------+-------------+-----
Long Blades    | 2 3 |  3.2
Armour         | 3 |  3.9
Shields        | 3 |  3.3
Fighting       | |  3.6

Action                   |  1- 3 |  4- 6 || total
-------------------------+-------+-------++-------
Melee: Long sword        |    99 |    79 ||   178
  Eat: Ration            |     1 |     1 ||     2
Armor: Scale mail        |    32 |    51 ||    83
Dodge: Dodged            |    18 |    23 ||    41
Block: Kite shield       |    56 |    40 ||    96
       Rpst.: Long sword |     8 |     9 ||    17

Table legend:
 A = Non-vault XP
 B = Vault XP
 C = Vault XP percentage of total XP
 D = Non-vault monster count
 E = Vault monster count
 F = Vault count percentage of total count
                 A         B        C        D         E       F
            +---------+---------+-------+---------+---------+-------
      Total |     123 |     150 |  54.9 |      41 |       4 |   8.9
            +---------+---------+-------+---------+---------+-------
        D:1 |      23 |       0 |   0.0 |      15 |       0 |   0.0
        D:2 |      21 |     114 |  84.4 |      11 |       3 |  21.4
        D:3 |      79 |      36 |  31.3 |      15 |       1 |   6.2
            +---------+---------+-------+---------+---------+-------
